 Dungeon Crawl Stone Soup version 0.30.1-3-gfc49f6343a (webtiles) character file.

Game seed: 8419248690614401021

105 arthad the Poker (level 4, -1/35 HPs)
             Began as a Merfolk Gladiator on July 30, 2023.
             Slain by a cerulean imp
             ... wielding a +2 spear
             ... summoned by Natasha
              (4 damage)
             ... on level 2 of the Dungeon.
             The game lasted 00:02:30 (1107 turns).

arthad the Poker (Merfolk Gladiator)                Turns: 1107, Time: 00:02:31

Health: -1/35      AC:  4    Str: 16    XL:     4   Next: 81%
Magic:  4/4        EV: 13    Int:  7    God:
Gold:   44         SH:  0    Dex: 15    Spells: 3/3 levels left

rFire   . . .        a - +0 trident
rCold   . . .        (no shield)
rNeg    . . .        b - +0 leather armour
rPois   .            c - +0 helmet
rElec   .            (no cloak)
rCorr   .            (no gloves)
SInv    .            (no boots)
Will    .....        (no amulet)
Stlth   +            (no ring)
HPRegen 0.25/turn    (no ring)
MPRegen 0.09/turn

%: no passive effects
@: mighty, flying
A: (nimble swimmer 2), mertail
a: no special abilities


You were on level 2 of the Dungeon.
You visited 1 branch of the dungeon, and saw 2 of its levels.

You collected 44 gold pieces.

Inventory:

Hand Weapons
 a - a +0 trident (weapon)
Missiles
 d - 3 throwing nets (quivered)
 e - a javelin
Armour
 b - a +0 leather armour (worn)
 c - a +0 helmet (worn)
 h - a +0 robe of cold resistance
Scrolls
 i - a scroll of enchant armour {unknown}
 m - a scroll of immolation {unknown}
 n - a scroll of poison {unknown}
 o - a scroll of fog {unknown}
Potions
 g - a potion of flight
 j - a potion of magic {unknown}
 k - a potion of curing {unknown}
 l - a potion of mutation {unknown}


   Skills:
 * Level 3.4 Fighting
 * Level 5.0 Polearms
 + Level 2.5 Throwing
 + Level 0.7 Armour
 + Level 4.6 Dodging


You had 3 spell levels left.
You didn't know any spells.
Your spell library contained the following spells:

 Spells                   Type           Power      Damage    Failure   Level
 Kiss of Death            Conj/Necr      0%         2d5       50%         1
 Confusing Touch          Hex            0%         N/A       86%         3
 Dispel Undead            Necr           0%         3d6       99%         4
 Summon Ice Beast         Ice/Summ       0%         N/A       99%         4
 Summon Mana Viper        Hex/Summ       0%         N/A       100%        5
 Monstrous Menagerie      Summ           0%         N/A       100%        7


Dungeon Overview and Level Annotations

Branches:
Dungeon (2/15)

Altars:

Annotations:
D:2 Natasha


Innate Abilities, Weirdness & Mutations

((You are very nimble when in or above water. (Stealth+, EV+, Speed+++)))
Your lower body shifts to a powerful aquatic tail in water.


Message History

You reach to attack!
You hit the cerulean imp.
The cerulean imp is heavily wounded.
Natasha casts a spell.
The cerulean imp hits you but does no damage.
The cerulean imp hits you from afar with a +1 spear.
You reach to attack!
You hit the cerulean imp.
The cerulean imp is heavily wounded.
The cerulean imp barely misses you.
The cerulean imp hits you from afar with a +1 spear.
The cerulean imp barely misses you.
You barely miss Natasha. Natasha claws you.
The cerulean imp closely misses you. The cerulean imp barely misses you. x2
You closely miss Natasha. Natasha barely misses you.
The cerulean imp hits you from afar with a +2 spear.
The cerulean imp hits you from afar with a +1 spear.
The cerulean imp barely misses you.
You hit Natasha.
Natasha is lightly wounded.
Natasha claws you.
The cerulean imp hits you from afar with a +2 spear.
* * * LOW HITPOINT WARNING * * *
The cerulean imp hits you from afar with a +1 spear.
* * * LOW HITPOINT WARNING * * *
The cerulean imp barely misses you.
You are too injured to fight recklessly!
You are too injured to fight recklessly!
You are too injured to fight recklessly!
You are too injured to fight recklessly!
You are too injured to fight recklessly!
It was a potion of flight.
You feel very buoyant.
You fly up into the air.
Natasha closely misses you.
The cerulean imp hits you from afar with a +2 spear.
* * * LOW HITPOINT WARNING * * *
The cerulean imp barely misses you. The cerulean imp closely misses you.
It was a potion of might.
You feel very mighty all of a sudden. Natasha closely misses you.
The cerulean imp hits you from afar with a +2 spear.
You die...

....####.........# .
..†..............# ..
##.#####.........# ...
#.# #.........# ....
##.#############.##.....
........................
################.##.....
...# ######.##..... ##.#
#.....@...#### #.# .#.#
#......h5.# #.# .#.#
#.....55..# #.# .#.#
#.........# #.#
.#.####.# #.........####
#.# .#......#
#.........!... #.#
.#......# ##......######
#.# .#......# #......#
#.# .#......#
#......########.#


You could see Natasha and 3 cerulean imps.

Vanquished Creatures
  Natasha (twice) (D:2)
  An adder (D:2)
  5 bats (D:1)
  2 endoplasms
  3 giant cockroaches (D:2)
  7 goblins
  4 hobgoblins (D:1)
  6 jackals
  3 kobolds
  A quokka (D:1)
  3 ball pythons
  2 rats (D:1)
39 creatures vanquished.

Notes
Turn   | Place    | Note
-------+----------+-------------------------------------------
     0 | D:1      | arthad the Merfolk Gladiator began the quest for the Orb.
     0 | D:1      | Reached XP level 1. HP: 16/16 MP: 1/1
    82 | D:1      | Reached XP level 2. HP: 22/23 MP: 2/2
   225 | D:1      | You fall into a shaft and drop 1 floor!
   254 | D:2      | Reached XP level 3. HP: 23/28 MP: 3/3
  1038 | D:2      | Noticed Natasha
  1046 | D:2      | Killed Natasha
  1047 | D:2      | Reached XP level 4. HP: 30/35 MP: 4/4
  1068 | D:2      | Noticed Natasha
  1079 | D:2      | Killed Natasha
  1080 | D:2      | Reached skill level 5 in Polearms
  1097 | D:2      | Noticed Natasha
  1107 | D:2      | Slain by a cerulean imp

Illustrated notes

Levels and vault maps discovered:
D:1:      lightli_arrival_maybe_door_vault, layout_rooms
D:2:      layout_basic, uniq_natasha

Skill      XL: |  1  2  3  4 |
---------------+-------------+-----
Fighting       | 3 |  3.4
Polearms       | 5 |  5.0
Throwing       | |  2.5
Armour         | |  0.7
Dodging        | |  4.6

Action                     |  1- 3 |  4- 6 || total
---------------------------+-------+-------++-------
  Melee: Trident           |   109 |    14 ||   123
         Punch             |     1 |       ||     1
    Use: Potion            |       |     2 ||     2
   Stab: Sleeping          |     1 |       ||     1
 Armour: Leather armour    |    20 |     5 ||    25
  Dodge: Dodged            |    65 |    17 ||    82
